AoeStats
← ErCoChino

Arena

510401844Analyzed
4v4 RM · 20h ago on Sep 30, 2026· 38m 37s· 8 players
Game mode
Random Map
Map size
Large (8 player)
Population
200
Speed
Normal
Resources
Standard
Victory
Conquest
Starting age
Dark Age
Ending age
Imperial Age
RankedLock teamsTeams togetherTeam positionsShared explorationLock speedFull tech treeHidden civsTurbo modeCheats
Victory
Defeat
🇨🇳 Burgundians · China
969
+14
🇸🇪 Varangians · Sweden
866
+18
🇬🇧 Japanese · United Kingdom
863
+18
🇨🇱 Mongols · Chile
860
+19
🇲🇽 Malians · Mexico
960
-19
🇺🇾 Goths · Uruguay
952
-19
🇺🇸 Persians · United States
897
-16
🇺🇸 Franks · United States
873
-15
vino102284
0:28 Loom
10:27 Feudal Age
13:17 Wheelbarrow
15:09 Gold Mining
18:49 Castle Age
16:44 Stone Mining
16:53 Double-Bit Axe
20:36 Hand Cart
21:28 Town Watch
24:42 Padded Archer Armor
24:34 Fletching
27:09 Leather Archer Armor
27:56 Bodkin Arrow
33:29 Imperial Age
SAURON
8:30 Feudal Age
8:57 Double-Bit Axe
10:11 Town Watch
12:46 Loom
16:14 Castle Age
14:14 Horse Collar
15:30 Stone Mining
22:59 Gold Mining
27:09 Imperial Age
26:37 Husbandry
29:06 Heavy Plow
29:22 Bow Saw
Wolf
10:11 Loom
12:22 Feudal Age
12:48 Double-Bit Axe
12:45 Horse Collar
15:08 Town Watch
15:56 Gold Mining
18:22 Man-at-Arms
24:43 Castle Age
23:44 Fletching
23:56 Scale Mail Armor
24:15 Forging
24:53 Elite Skirmisher
26:00 Town Patrol
26:16 Squires
25:37 Long Swordsman
27:00 Bodkin Arrow
27:45 Bow Saw
35:57 Imperial Age
36:43 Perfusion
36:42 Pikeman
ULIVS96
10:26 Feudal Age
15:40 Castle Age
14:14 Double-Bit Axe
14:16 Horse Collar
17:55 Treadmill Crane
23:20 Loom
25:22 Wheelbarrow
26:47 Bow Saw
30:52 Imperial Age
29:47 Hand Cart
30:00 Scale Mail Armor
30:10 Forging
30:21 Squires
30:07 Arson
31:20 Chain Mail Armor
31:12 Scale Barding Armor
31:41 Husbandry
31:52 Bloodlines
31:25 Heavy Camel Rider
32:22 Heavy Plow
33:49 Conscription
34:16 Iron Casting
35:17 Plate Mail Armor
35:32 Chain Barding Armor
34:59 Elite Gbeto
36:09 Hand Cart
38:20 Farimba
PAPU
10:42 Feudal Age
12:36 Wheelbarrow
17:15 Castle Age
15:31 Double-Bit Axe
16:14 Horse Collar
17:44 Wheelbarrow
22:24 Fletching
24:04 Ballistics
24:48 Bodkin Arrow
26:22 Gold Mining
27:09 Padded Archer Armor
28:34 Heavy Plow
31:54 Imperial Age
29:11 Loom
31:02 Hand Cart
31:23 Husbandry
32:59 Conscription
33:16 Bracer
34:49 Chemistry
33:42 Capped Ram
35:11 Leather Archer Armor
37:51 Light Cavalry
38:42 Bloodlines
ErCoChino
3:14 Loom
7:02 Loom
11:21 Feudal Age
11:33 Feudal Age
14:54 Wheelbarrow
14:37 Town Watch
14:40 Double-Bit Axe
14:38 Horse Collar
18:29 Castle Age
16:39 Fletching
19:25 Hand Cart
20:00 Forging
21:54 Scale Mail Armor
26:15 Squires
27:00 Iron Casting
26:40 Chain Mail Armor
27:09 Gold Mining
28:22 Arson
30:27 Town Patrol
33:37 Heavy Plow
34:45 Chain Mail Armor
34:29 Elite Skirmisher
35:07 Bodkin Arrow
35:13 Padded Archer Armor
35:36 Ballistics
35:12 Murder Holes
37:54 Bow Saw
41:46 Imperial Age
abcd312
0:28 Loom
11:13 Feudal Age
10:51 Double-Bit Axe
11:24 Horse Collar
12:33 Wheelbarrow
13:10 Bow Saw
13:28 Heavy Plow
19:10 Castle Age
17:17 Gold Mining
19:20 Gold Shaft Mining
20:53 Two-Man Saw
20:12 Hand Cart
28:45 Imperial Age
26:23 Stone Mining
27:14 Crop Rotation
28:26 Stone Shaft Mining
27:19 Pikeman
27:59 Squires
27:45 Arson
28:52 Cavalier
29:32 Husbandry
28:53 Light Cavalry
30:00 Town Watch
30:49 Fervor
33:28 Caravan
34:31 Paladin
36:49 Forging
36:44 Scale Barding Armor
39:16 Iron Casting
39:01 Chain Barding Armor
38:44 Caravan
Patches
5:25 Loom
12:11 Feudal Age
14:36 Wheelbarrow
18:01 Castle Age
15:59 Double-Bit Axe
16:21 Horse Collar
17:32 Gold Mining
19:13 Hand Cart
20:03 Bow Saw
20:31 Heavy Plow
21:48 Town Watch
31:06 Imperial Age
30:25 Forging
30:19 Treadmill Crane
30:54 Scale Barding Armor
33:04 Chain Barding Armor
32:15 Vendel Legacy
33:17 Conscription
33:12 Bloodlines
33:03 Husbandry
32:25 Cavalier
32:47 Cavalier
34:37 Iron Casting
35:37 Plate Barding Armor
37:46 Blast Furnace
37:01 Fortified Wall
37:04 Masonry
39:15 Scale Mail Armor
Connection lost

Rejoining the realm…

Still unreachable

The connection could not be restored.

Session expired

The server has moved on; the page needs a fresh start.